 Dungeon Crawl Stone Soup version 0.28.0-53-g5a82cb258f (webtiles) character file.

Game seed: 13530038834956837847

76771 Peloso the Tortoise (level 15, -1/141 HPs)
             Began as a Minotaur Fighter on Aug 11, 2022.
             Was the Champion of Okawaru.
             Killed from afar by a molten gargoyle (22 damage)
             ... with a bolt of magma
             ... on level 15 of the Dungeon.
             The game lasted 00:55:32 (31033 turns).

Peloso the Tortoise (Minotaur Fighter)             Turns: 31033, Time: 00:55:33

Health: -1/141     AC: 26    Str: 31    XL:     15   Next: 13%
Magic:  17/17      EV: 10    Int:  9    God:    Okawaru [******]
Gold:   751        SH: 14    Dex: 16    Spells: 14/14 levels left

rFire   + + .      SeeInvis .   a - +7 falchion of Laceration {flame, Fly rF+}
rCold   + . .      Faith    .   s - +1 kite shield {reflect}
rNeg    . . .      Spirit   .   N - +1 plate armour {rC+}
rPois   +          Reflect  +   W - +2 hat
rElec   +          Harm     .   J - +0 cloak
rCorr   .          Rampage  .   T - +0 pair of gloves {Dex+3}
Will    +....                   O - +0 pair of boots
Stlth   ..........              C - amulet of regeneration
HPRegen 1.13/turn               y - ring of protection from fire
MPRegen 0.15/turn               l - ring of the Rose {rElec rPois Str+6 Int+4}

@: flying
A: horns 2, retaliatory headbutt
a: Renounce Religion, Heroism, Finesse, Duel


You were on level 15 of the Dungeon.
You worshipped Okawaru.
Okawaru was exalted by your worship.
You visited 4 branches of the dungeon, and saw 23 of its levels.
You also visited: Sewer and Ossuary.

You collected 2001 gold pieces.
You spent 1250 gold pieces at shops.

Inventory:

Hand Weapons
 a - the +7 falchion of Laceration (weapon) {flame, Fly rF+}
   (Okawaru gifted it to you on level 3 of the Lair of Beasts)

   It burns those it strikes, dealing additional fire damage.
   Big, fiery blades are also staple armaments of hydra-hunters.
   rF:        It protects you from fire.
   Fly:       It grants you flight.
 b - a +2 demon blade of draining
 c - a +2 falchion of holy wrath
Armour
 s - a +1 kite shield of reflection (worn)
 J - a +0 cloak (worn)
 N - a +1 plate armour of cold resistance (worn)
 O - a +0 pair of boots (worn)
 T - a +0 pair of gloves of dexterity (worn)
 W - a +2 hat (worn)
 Y - a +0 crystal plate armour
Jewellery
 l - the ring of the Rose (right hand) {rElec rPois Str+6 Int+4}
   (You bought it in a shop on level 1 of the Dungeon)

   [ring of strength]

   Str:       It affects your strength (+6).
   Int:       It affects your intelligence (+4).
   rElec:     It insulates you from electricity.
   rPois:     It protects you from poison.
 p - a ring of ice
 y - a ring of protection from fire (left hand)
 C - an amulet of regeneration (around neck)
 S - a ring of see invisible
 U - a +6 ring of strength
 X - an amulet of guardian spirit
Wands
 u - a wand of iceblast (14)
 x - a wand of mindburst (11)
 G - a wand of flame (42)
 V - a wand of polymorph (8)
Scrolls
 e - 9 scrolls of teleportation
 f - 4 scrolls of blinking
 j - 3 scrolls of immolation
 k - 2 scrolls of vulnerability
 o - 3 scrolls of magic mapping
 r - a scroll of noise
 v - 2 scrolls of amnesia
 w - 3 scrolls of enchant weapon
 B - 2 scrolls of brand weapon
 D - 4 scrolls of fear
 E - 3 scrolls of fog {unknown}
 F - a scroll of holy word {unknown}
 I - 2 scrolls of torment {unknown}
 M - 2 scrolls of enchant armour
 P - 7 scrolls of identify
 R - a scroll of summoning {unknown}
Potions
 d - 2 potions of might
 g - 2 potions of mutation
 h - 2 potions of brilliance
 i - 2 potions of invisibility
 m - 10 potions of curing
 n - 4 potions of heal wounds
 q - 7 potions of haste
 z - 2 potions of berserk rage
 A - 2 potions of ambrosia {unknown}
 H - a potion of magic {unknown}
 K - a potion of lignification {unknown}
 L - a potion of resistance {unknown}
 Q - 7 potions of flight
Miscellaneous
 t - a tin of tremorstones (2/2)


   Skills:
 + Level 15.4 Fighting
 + Level 1.0(9.8) Short Blades
 + Level 16.4 Long Blades
 + Level 18.1 Armour
 + Level 4.1 Dodging
 + Level 2.6 Stealth
 + Level 13.5 Shields
 + Level 4.5 Invocations
 + Level 2.3 Evocations


You had 14 spell levels left.
You didn't know any spells.
Your spell library contained the following spells:

 Spells                   Type           Power      Damage    Failure   Level
 Freeze                   Ice            0%         1d3       98%         1
 Sandblast                Erth           0%         2d4       98%         1
 Shock                    Conj/Air       0%         1d3       98%         1
 Ensorcelled Hibernation  Hex/Ice        0%         N/A       99%         2
 Passwall                 Tmut/Erth      0%         N/A       99%         2
 Sublimation of Blood     Necr           0%         N/A       99%         2
 Frozen Ramparts          Ice            0%         1d2       100%        3
 Stone Arrow              Conj/Erth      0%         3d7       100%        3
 Swiftness                Air            0%         N/A       100%        3
 Airstrike                Air            0%         N/A       100%        4
 Hailstorm                Conj/Ice       0%         3d3       100%        4
 Leda's Liquefaction      Hex/Erth       0%         N/A       100%        4
 Passage of Golubria      Tloc           0%         N/A       100%        4
 Petrify                  Tmut/Erth      0%         N/A       100%        4
 Blade Hands              Tmut           0%         N/A       100%        5
 Fireball                 Conj/Fire      0%         3d3       100%        5
 Irradiate                Conj/Tmut      0%         3d13      100%        5
 Lee's Rapid Deconstruct  Erth           0%         3d5*      100%        5
 Silence                  Hex/Air        0%         N/A       100%        5
 Yara's Violent Unravell  Hex/Tmut       0%         3d3       100%        5
 Iron Shot                Conj/Erth      0%         9d1       100%        6
 Starburst                Conj/Fire      0%         6d3       100%        6
 Statue Form              Tmut/Erth      0%         N/A       100%        6
 Ignition                 Fire           0%         3d3       100%        8
 Lehudib's Crystal Spear  Conj/Erth      0%         10d2      100%        8
 Tukima's Dance           Hex            Unusable   N/A       N/A         3
 Animate Armour           Summ/Erth      Unusable   N/A       N/A         4

Dungeon Overview and Level Annotations

Branches:
Dungeon (15/15)            Temple (1/1) D:4            Lair (5/6) D:11
 Shoals (0/4) Lair:3       Spider (0/4) Lair:2          Orc (2/2) D:11
    Elf (0/3) Orc:2        Vaults (0/5) D:13          Sewer (visited)
Ossuary (visited)
  Slime: Lair:5-6    Depths: D:15

Altars:
Ashenzari
Cheibriados
Dithmenos
Elyvilon
Fedhas
Gozag
Hepliaklqana
Kikubaaqudgha
Makhleb
Nemelex Xobeh
Okawaru
Qazlal
Ru
Sif Muna
Trog
Uskayaw
Vehumet
Wu Jian
Xom
Yredelemnul
Zin
The Shining One

Shops:
D:1 =(   D:2 (   D:15 !   Orc:2 ?(*=

Annotations:
D:9 Volare


Innate Abilities, Weirdness & Mutations

You have a pair of horns on your head.
You reflexively headbutt those who attack you in melee.


Message History

Unknown command.
You hit the molten gargoyle. You headbutt the molten gargoyle.
The molten gargoyle is heavily damaged.
The molten gargoyle blasts magma at you!
The bolt of magma misses you. You block the molten gargoyle's attack.
The molten gargoyle blasts magma at you!
The bolt of magma hits the molten gargoyle!
The molten gargoyle partially resists.
The bolt of magma hits you but does no damage.
You hit the molten gargoyle but do no damage.
Your headbutt misses the molten gargoyle.
The molten gargoyle is heavily damaged.
The molten gargoyle hits you but does no damage.
You block the molten gargoyle's attack.
Unknown command.
You barely miss the molten gargoyle. You headbutt the molten gargoyle!
The molten gargoyle is severely damaged.
The molten gargoyle blasts magma at you!
The bolt of magma hits the molten gargoyle.
The molten gargoyle partially resists.
The bolt of magma hits you! You partially resist.
You hit the molten gargoyle.
You headbutt the molten gargoyle, but do no damage.
The molten gargoyle is almost destroyed.
The molten gargoyle blasts magma at you!
The bolt of magma hits you!! You partially resist.
You block the molten gargoyle's attack.
The molten gargoyle blasts magma at you!
The bolt of magma hits the molten gargoyle!
The molten gargoyle partially resists.
The bolt of magma hits you! You partially resist.
* * * LOW HITPOINT WARNING * * *
You slash the molten gargoyle!
You destroy the molten gargoyle!
Okawaru accepts your kill.
The yaktaur shoots a bolt.
The bolt hits you!!
* * * LOW HITPOINT WARNING * * *
The molten gargoyle blasts magma at you!
The bolt of magma hits you!! You partially resist.
You die...

.....................#.#.#.#.#
..............................
.........9###........#<#.#.#.#
..$.....).# #...###...........
..........# #...# #..#.#[#.#.#
.........C###...###...........
.######...9..........#.#.#.#.#
#.....9....?............
#.#..c)@.......#.#.#.#.#
#..∩..###.<..........##..
#.#.#.# #..†.....######.
#..#...# #........# ...
...............# .. .
..............#
.................#
..###...####.# .. #...# .#


You could see a cyclops, a yaktaur and 2 molten gargoyles.

Vanquished Creatures
  Kirke (D:13)
  The ghost of Peloso the Tortoise, a journeyman MiFi of Okawaru (D:13)
  4 vault guards
  An ogre mage (D:14)
  9 boulder beetles
  8 hydras
  6 centaur warriors
  2 death knights
  A dancing weapon (D:13)
  10 two-headed ogres
  5 tengu warriors
  4 orc high priests (Orc:2)
  Urug (Orc:2)
  6 skeletal warriors
  An orb spider (Lair:2)
  6 ugly things
  5 deep elf pyromancers
  2 orc knights
  2 wolf spiders (D:15)
  A cyclops (Orc:2)
  4 manticores
  2 orc sorcerers
  Maurice (D:11)
  2 molten gargoyles (D:15)
  A guardian serpent (shapeshifter) (D:13)
  Joseph (D:9)
  A torpor snail (Lair:3)
  2 gargoyles (D:11)
  A black mamba (Lair:3)
  5 cane toads
  A rime drake (Lair:1)
  An efreet (D:13)
  6 komodo dragons
  A tengu conjurer (D:14)
  3 kobold demonologists
  A komodo dragon (shapeshifter) (D:12)
  A wolf spider simulacrum (D:15)
  A hornet (D:9)
  A polar bear (Lair:4)
  7 slime creatures
  5 trolls
  5 blink frogs (Lair:5)
  9 dream sheep
  2 shadows
  2 wraiths
  6 wyverns
  7 basilisks
  35 yaks
  6 hogs (D:13)
  8 vampire mosquitoes
  2 steam dragons
  A human (D:13)
  5 wargs
  3 acid dragons
  2 ice beasts
  22 orc warriors
  8 water moccasins
  2 black bears
  A sky beast (D:6)
  2 ogres (Orc:2)
  5 wolves
  4 necrophages
  12 centaurs
  A phantom (D:4)
  4 kobold brigands
  7 bullfrogs
  A gnoll sergeant (D:9)
  A scorpion (D:4)
  5 killer bees
  3 wights (D:9)
  3 howler monkeys
  5 electric eels
  3 jellies
  4 centaur zombies
  3 hounds (D:5)
  27 orc priests
  3 centaur skeletons
  A gnoll shaman (D:10)
  5 iguanas
  32 orc wizards
  3 killer bee zombies
  A hound zombie (D:5)
  A hound skeleton (D:4)
  A howler monkey zombie (D:7)
  4 mummies (Ossuary)
  10 gnolls
  A howler monkey skeleton (D:5)
  7 adders
  2 worms
  2 dart slugs
  62 orcs
  7 ball pythons
  11 endoplasms
  14 giant cockroaches
  3 goblins
  5 hobgoblins
  4 jackals (D:2)
  12 quokkas
  4 bats
  12 frilled lizards
  3 gnoll zombies (Ossuary)
  2 goblin zombies (Ossuary)
  8 kobolds
  A kobold zombie (Ossuary)
  2 orc zombies (Ossuary)
  9 rats
572 creatures vanquished.

Vanquished Creatures (others)
  A molten gargoyle (D:15)
  9 fungi
  19 plants
29 creatures vanquished.

Grand Total: 601 creatures vanquished

Notes
Turn   | Place    | Note
-------+----------+-------------------------------------------
     0 | D:1      | Peloso the Minotaur Fighter began the quest for the Orb.
     0 | D:1      | Reached XP level 1. HP: 19/19 MP: 0/0
    95 | D:1      | Found Uwkobeuth's Weapon Boutique.
   155 | D:1      | Found Abefodd's One-of-a-Kind Rings.
   198 | D:1      | Reached XP level 2. HP: 23/27 MP: 1/1
   319 | D:1      | Reached skill level 4 in Armour
   837 | D:2      | Found Dyer's Antique Weapon Emporium.
   959 | D:2      | Reached XP level 3. HP: 30/33 MP: 2/2
  1430 | D:3      | Reached skill level 1 in Dodging
  1430 | D:3      | Reached XP level 4. HP: 6/40 MP: 3/3
  1718 | D:3      | Reached XP level 5. HP: 20/47 MP: 4/4
  2054 | D:3      | Reached skill level 5 in Armour
  2993 | D:4      | Found a sand-covered staircase.
  3002 | D:4      | Reached XP level 6. HP: 46/53 MP: 5/5
  3003 | Ossuary  | Entered an ossuary
  3092 | Ossuary  | Reached skill level 5 in Long Blades
  3222 | D:4      | Found a glowing drain.
  3240 | Sewer    | Entered a sewer
  3844 | D:4      | Reached skill level 5 in Fighting
  3844 | D:4      | Reached XP level 7. HP: 38/61 MP: 6/6
  4203 | D:4      | Found a staircase to the Ecumenical Temple.
  4241 | Temple   | Entered the Ecumenical Temple
  4295 | Temple   | Became a worshipper of Warmaster Okawaru
  4626 | D:5      | Entered Level 5 of the Dungeon
  4718 | D:5      | Reached skill level 5 in Shields
  4722 | D:5      | Reached skill level 6 in Armour
  5260 | D:5      | Found a basalt altar of Yredelemnul.
  5304 | D:5      | Reached * piety under Okawaru
  5305 | D:5      | Reached XP level 8. HP: 65/69 MP: 7/7
  5359 | D:5      | Reached skill level 1 in Stealth
  5367 | D:5      | Reached skill level 7 in Armour
  5488 | D:5      | Noticed a two-headed ogre
  5495 | D:5      | Killed a two-headed ogre
  5495 | D:5      | Reached ** piety under Okawaru
  5511 | D:5      | Reached XP level 9. HP: 12/78 MP: 6/8
  5963 | D:6      | Reached skill level 8 in Armour
  6193 | D:6      | Reached skill level 10 in Long Blades
  6276 | D:6      | Found a transporter.
  6309 | D:6      | Found a transporter.
  6680 | D:7      | Found a white marble altar of Elyvilon.
  7028 | D:7      | Reached *** piety under Okawaru
  7533 | D:7      | Reached skill level 9 in Armour
  8487 | D:9      | Reached XP level 10. HP: 83/88 MP: 6/9
  8549 | D:9      | Reached skill level 1 in Invocations
  8556 | D:9      | Reached **** piety under Okawaru
  8602 | D:9      | Noticed a two-headed ogre
  8609 | D:9      | Killed a two-headed ogre
  8904 | D:9      | Reached skill level 10 in Armour
  9312 | D:9      | Noticed a centaur warrior
  9313 | D:9      | Noticed a brown ugly thing
  9770 | D:9      | Noticed Joseph
  9895 | D:9      | Killed Joseph
  9924 | D:9      | Noticed a two-headed ogre
  9935 | D:9      | Killed a two-headed ogre
  9935 | D:9      | Reached ***** piety under Okawaru
 10196 | D:10     | Entered Level 10 of the Dungeon
 10568 | D:10     | Reached XP level 11. HP: 83/97 MP: 9/11
 10649 | D:10     | Received a gift from Okawaru
 11342 | D:11     | Noticed a two-headed ogre
 11352 | D:11     | Killed a two-headed ogre
 11444 | D:11     | Reached skill level 11 in Armour
 11575 | D:11     | Reached skill level 10 in Fighting
 11799 | D:11     | Noticed a boulder beetle
 11845 | D:11     | Killed a boulder beetle
 12198 | D:11     | Found a staircase to the Lair.
 12253 | D:11     | Reached skill level 12 in Armour
 12551 | D:11     | Found a staircase to the Orcish Mines.
 12719 | D:11     | Noticed Maurice
 12730 | D:11     | Killed Maurice
 12730 | D:11     | Identified the +5 buckler of the Invisible Hand {Rampage
                  | *Corrode Int+5 Stlth+} (Okawaru gifted it to you on level
                  | 11 of the Dungeon)
 12730 | D:11     | Received a gift from Okawaru
 12979 | Lair:1   | Entered Level 1 of the Lair of Beasts
 13739 | Lair:1   | You fall into a shaft and drop 1 floor!
 13979 | Lair:2   | Noticed a six-headed hydra
 14567 | Lair:1   | Reached XP level 12. HP: 30/108 MP: 10/13
 15136 | Orc:1    | Entered Level 1 of the Orcish Mines
 15635 | Orc:1    | Reached skill level 1 in Evocations
 15867 | Orc:2    | Entered Level 2 of the Orcish Mines
 15886 | Orc:1    | Paralysed by an orc sorcerer for 7 turns
 15889 | Orc:1    | Gained mutation: You are frail. (-10% HP) [a neqoxec]
 15898 | Orc:1    | Gained mutation: You are very frail. (-20% HP) [a neqoxec]
 15904 | Orc:1    | Lost mutation: You are very frail. (-20% HP) [potion of
                  | mutation]
 15904 | Orc:1    | Lost mutation: You are frail. (-10% HP) [potion of
                  | mutation]
 15904 | Orc:1    | Gained mutation: Your mind is acute. (Int +2) [potion of
                  | mutation]
 15904 | Orc:1    | Gained mutation: Potions are less effective at restoring
                  | your health. [potion of mutation]
 15905 | Orc:1    | Lost mutation: Your mind is acute. (Int +2) [potion of
                  | mutation]
 15905 | Orc:1    | Lost mutation: Potions are less effective at restoring your
                  | health. [potion of mutation]
 15905 | Orc:1    | Gained mutation: You are dopey. (Int -2) [potion of
                  | mutation]
 15905 | Orc:1    | Gained mutation: Your natural rate of healing is unusually
                  | fast. [potion of mutation]
 15905 | Orc:1    | Gained mutation: You are agile. (Dex +2) [potion of
                  | mutation]
 15906 | Orc:1    | Lost mutation: You are dopey. (Int -2) [potion of mutation]
 15906 | Orc:1    | Lost mutation: Your natural rate of healing is unusually
                  | fast. [potion of mutation]
 15906 | Orc:1    | Lost mutation: You are agile. (Dex +2) [potion of mutation]
 15906 | Orc:1    | Gained mutation: Potions are less effective at restoring
                  | your health. [potion of mutation]
 15906 | Orc:1    | Lost mutation: Potions are less effective at restoring your
                  | health. [potion of mutation]
 15906 | Orc:1    | Gained mutation: You have a pair of large horns on your
                  | head. [potion of mutation]
 15907 | Orc:1    | Lost mutation: You have a pair of large horns on your head.
                  | [potion of mutation]
 15907 | Orc:1    | Gained mutation: You have hidden genetic potential. [potion
                  | of mutation]
 15907 | Orc:1    | Gained mutation: Your system is resistant to poisons.
                  | (rPois) [potion of mutation]
 15907 | Orc:1    | Gained mutation: You have large cloven feet. [potion of
                  | mutation]
 15908 | Orc:1    | Lost mutation: You have hidden genetic potential. [potion
                  | of mutation]
 15908 | Orc:1    | Lost mutation: Your system is resistant to poisons. (rPois)
                  | [potion of mutation]
 15908 | Orc:1    | Lost mutation: You have large cloven feet. [potion of
                  | mutation]
 15908 | Orc:1    | Gained mutation: You tend to lose your temper in combat.
                  | [potion of mutation]
 15908 | Orc:1    | Gained mutation: You have hidden genetic defects. [potion
                  | of mutation]
 15909 | Orc:1    | Lost mutation: You tend to lose your temper in combat.
                  | [potion of mutation]
 15909 | Orc:1    | Lost mutation: You have hidden genetic defects. [potion of
                  | mutation]
 15909 | Orc:1    | Gained mutation: You are robust. (+10% HP) [potion of
                  | mutation]
 15909 | Orc:1    | Lost mutation: You are robust. (+10% HP) [potion of
                  | mutation]
 16390 | Orc:2    | Reached skill level 13 in Armour
 16822 | D:1      | Bought the ring of the Rose {rElec rPois Str+6 Int+4} for
                  | 1191 gold pieces
 16982 | D:12     | Noticed a two-headed ogre
 16988 | D:12     | Killed a two-headed ogre
 18039 | D:12     | Reached skill level 14 in Armour
 18200 | D:12     | Noticed a death knight
 18229 | D:12     | Killed a death knight
 19407 | D:9      | Killed a centaur warrior
 20111 | Lair:2   | Killed a six-headed hydra
 20112 | Lair:2   | Reached skill level 10 in Shields
 20734 | Lair:2   | Found a hole to the Spider Nest.
 21293 | Lair:3   | Found a staircase to the Shoals.
 21327 | Lair:3   | Identified the +7 falchion of Laceration {flame, Fly rF+}
                  | (Okawaru gifted it to you on level 3 of the Lair of Beasts)
 21327 | Lair:3   | Received a gift from Okawaru
 21459 | Lair:3   | Reached XP level 13. HP: 99/118 MP: 12/14
 21798 | Lair:3   | Reached skill level 1 in Short Blades
 22194 | Lair:3   | Reached skill level 15 in Long Blades
 22197 | Lair:3   | Reached skill level 15 in Armour
 22341 | Lair:3   | Identified the +6 mace "Nurrew" {holy, rCorr Int+3}
 23746 | Lair:5   | Received a gift from Okawaru
 24241 | Lair:5   | Reached skill level 16 in Armour
 25997 | Orc:2    | Found Wugiti's Jewellery Shoppe.
 25997 | Orc:2    | Found Syilut's Antique Weapon Emporium.
 26001 | Orc:2    | Found Odgheh's Magic Scroll Emporium.
 26007 | Orc:2    | Found Ekeb's General Store.
 26031 | Orc:2    | Bought a scroll of magic mapping for 59 gold pieces
 26233 | Orc:2    | Noticed Urug
 26247 | Orc:2    | Killed Urug
 26878 | Orc:2    | Found a staircase to the Elven Halls.
 27289 | D:13     | Noticed Kirke
 27298 | D:13     | Reached XP level 14. HP: 130/130 MP: 14/16
 27307 | D:13     | Killed Kirke
 27366 | D:13     | Found a runed translucent door.
 27366 | D:13     | Found a shimmering altar of Xom.
 27366 | D:13     | Noticed Peloso's ghost (journeyman MiFi)
 27408 | D:13     | Killed Peloso's ghost
 28236 | D:13     | Reached skill level 17 in Armour
 28455 | D:12     | Received a gift from Okawaru
 29116 | D:13     | Found a gate to the Vaults.
 30007 | D:14     | Reached ****** piety under Okawaru
 30208 | D:14     | Received a gift from Okawaru
 30500 | D:14     | Reached skill level 15 in Fighting
 30587 | D:15     | Entered Level 15 of the Dungeon
 30624 | D:14     | Paralysed by an ogre mage for 2 turns
 30659 | D:15     | Reached skill level 18 in Armour
 30696 | D:15     | Reached XP level 15. HP: 141/141 MP: 17/17
 30751 | D:15     | Received a gift from Okawaru
 30877 | D:15     | Found Woerules's Distillery.
 31033 | D:15     | Killed from afar by a molten gargoyle

Illustrated notes

Levels and vault maps discovered:
D:1:      dpeg_arrival_radiant, layout_basic, serial_shops,
          nicolae_shop_bloodbath_and_beyond, nicolae_shop_unique_rings
D:2:      layout_basic, serial_shops, shop_statue, kennysheep_cross_room,
          nicolae_figureground_pulse
D:3:      layout_basic
D:4:      layout_loops_corners, minmay_temple_entry_ruins, enter_ossuary_1,
          portal_sewer_entry_f
D:5:      layout_rooms, minmay_ruined_shrine
D:6:      gammafunk_steamed_eel, layout_loops_ring
D:7:      layout_cave_pools, elyvilon_altar_1
D:8:      layout_loops_cross
D:9:      layout_basic, nzn_random_ring, uniq_joseph
D:10:     layout_cave_pools
D:11:     layout_roguey, erik_lair_orcish_takeover, orc_0_dummy, billiards_dpeg,
          uniq_maurice
D:12:     layout_long_grid
D:13:     layout_loops_corners, lightli_vaults_fourway_checkpoint,
          ebering_ghost_xom, uniq_kirke
D:14:     layout_roguey
D:15:     grunt_enter_depths_snipers, layout_small_grid, serial_shops,
          nicolae_shop_crystal, st_stairs_11, hangedman_decor_points,
          minmay_fountain_box, minivault_8
Temple:   compressed_dpeg_circular_temple
Lair:1:   beast_lair_carwin_large_2, layout_regular_city, disabler_island,
          serial_bayou_shore_a, serial_bayou_shore_b
Lair:2:   layout_long_grid, nicolae_spider_entry_orb_guardian,
          lemuel_fruit_fields
Lair:3:   layout_layer_cave, shoals_dummy_entry, grunt_megastairs_1,
          serial_bayou_shore_b
Lair:4:   layout_roguey, lemuel_fruit_tree
Lair:5:   layout_regular_city, grunt_forest_stairs_basic, serial_bayou_shore_b
Orc:1:    layout_diamond_mine
Orc:2:    st_orc_mages, layout_caves, nicolae_orc_lava_tube, uniq_urug

Skill      XL: |  1  2  3  4  5  6  7  8  9 10 11 12 13 14 |
---------------+-------------------------------------------+-----
Armour         | 4 5 6 7 9 10 12 14 16 18 | 18.1
Fighting       | 4 5 6 8 9 10 12 13 15 | 15.4
Long Blades    | 3 4 5 7 9 11 12 14 15 16 | 16.4
Shields        | 4 5 6 7 9 10 11 13 | 13.5
Dodging        | 1 2 3 4 |  4.1
Stealth        | 1 2 |  2.6
Invocations    | 1 2 3 4 |  4.5
Evocations     | 2 |  2.3
Short Blades   | 1 |  1.0

Action                   |  1- 3 |  4- 6 |  7- 9 | 10-12 | 13-15 || total
-------------------------+-------+-------+-------+-------+-------++-------
Melee: Long sword        |    98 |   216 |   230 |    25 |     3 ||   572
       Headbutt          |    20 |    38 |    51 |   197 |   261 ||   567
       Falchion          |       |       |    37 |   834 |   880 ||  1751
       Rapier            |       |       |       |    10 |       ||    10
Invok: Heroism           |       |       |     7 |    45 |    19 ||    71
Evoke: Wand              |       |       |       |    24 |       ||    24
  Use: Scroll            |       |     9 |     8 |     2 |     1 ||    20
       Potion            |       |       |     2 |    11 |     1 ||    14
 Stab: Distracted        |       |       |       |       |     2 ||     2
Armor: Scale mail        |    53 |     7 |       |       |       ||    60
       Chain mail        |       |    91 |    50 |       |       ||   141
       Plate armour      |       |       |    91 |   357 |   357 ||   805
Dodge: Dodged            |    58 |    95 |    96 |   226 |   240 ||   715
Block: Buckler           |    18 |    50 |    54 |   210 |   134 ||   466
       Kite shield       |       |       |       |       |   162 ||   162
       Tower shield      |       |       |       |       |    63 ||    63
       Reflection        |       |       |       |       |     9 ||     9
